Phantoms vs Icehogs
Created - May 15, 2023 at 20:07
Goals
|
| Phantoms |
2 |
3 |
0 |
5 |
| Icehogs |
0 |
2 |
1 |
3 |
|
Shots
|
| Phantoms |
14 |
13 |
5 |
32 |
| Icehogs |
11 |
8 |
11 |
30 |
|
1st period
1. Phantoms , Erik Nystrom 12 (Cristoval Nieves 37) at 10:06
2. Phantoms , Alex DeBrincat 40 (Michael Bournival 47, Rinat Valiev 11) at 17:31
Penalties :
No Penalty
2nd period
3. Icehogs , Hudson Fasching 30 (Andrew Mangiapane 27, Mattias Janmark 12) at 3:38
4. Icehogs , J.T. Brown 26 (Stefan Matteau 18, Michael Chaput 29) at 7:17 (PP)
5. Phantoms , Erik Nystrom 13 (Cristoval Nieves 38, Nick Sorensen 15) at 10:16
6. Phantoms , Lucas Wallmarkk 22 (Sven Andrighetto 29, Morgan Klimchuk 36) at 13:09
7. Phantoms , Alex DeBrincat 41 (Nick Shore 63, Michael Bournival 48) at 15:06 (PP)
Penalties :
Blake Heinrich (Leh) for Interference (Minor) at 7:02, Mike Reilly (Roc) for Cross-checking (Minor) at 13:51, Nick Mattson (Roc) for Slashing (Minor) at 15:21
3rd period
8. Icehogs , J.T. Brown 27 (Patrick Sieloff 20) at 8:25
Penalties :
Blake Heinrich (Leh) for High sticking (Double Minor) at 12:00, Mike Reilly (Roc) for Interference (Minor) at 17:44
Goalie Stats
Anton Forsberg (Leh), 27 saves from 30 shots - (0.900), W, 31-21-8, 60:00 minutes
Mackenzie Blackwood (Roc), 8 saves from 8 shots - (1.000), 24:54 minutes
Mark Visentin (Roc), 19 saves from 24 shots - (0.792), L, 40-20-7, 35:06 minutes
Players Stats for Phantoms
Player Name G A P +/- PIM S H SB GA TA FO MP PP MP PK MP
------------------------------------------------------------------------------------
A.J. Greer 0 0 0 0 0 0 0 0 0 0 0/0 1:20 0:00 1:20
Alex DeBrincat 2 0 2 1 0 6 2 0 0 0 1/2 23:37 2:55 1:42
Anthony Angello 0 0 0 0 0 0 0 0 0 0 1/1 1:30 0:00 1:19
Blake Heinrich 0 0 0 -1 6 2 0 1 0 4 0/0 23:18 2:48 0:00
Brendan Leipsic 0 0 0 0 0 0 0 0 0 1 0/0 6:26 0:00 0:00
Brenden Kichton 0 0 0 2 0 0 0 0 0 1 0/0 18:56 2:25 1:25
Brett Murray 0 0 0 0 0 0 0 0 0 0 0/0 0:00 0:00 0:00
Cal Foote 0 0 0 1 0 0 1 0 0 0 0/0 10:59 0:00 0:55
Cristoval Nieves 0 2 2 1 0 3 3 1 0 0 5/5 10:18 0:00 0:00
David Kampf 0 0 0 0 0 0 0 0 0 0 0/0 0:11 0:00 0:00
Erik Nystrom 2 0 2 1 0 3 0 0 0 0 0/0 10:18 0:00 0:00
JC Lipon 0 0 0 0 0 0 1 0 0 0 0/1 6:26 0:00 0:00
Joe Snively 0 0 0 0 0 2 0 0 0 0 1/4 6:37 0:00 0:11
Laurent Dauphin 0 0 0 0 0 0 0 0 0 0 0/0 0:11 0:00 0:00
Lucas Wallmarkk 1 0 1 0 0 2 1 0 1 0 7/19 16:52 2:18 0:00
Matt Kiersted 0 0 0 0 0 0 0 2 0 0 0/0 5:55 0:00 1:00
Michael Bournival 0 2 2 1 0 3 2 1 0 1 2/4 23:39 2:55 1:44
Mikko Lehtonen 0 0 0 1 0 2 2 0 0 1 0/0 11:35 0:00 2:03
Morgan Klimchuk 0 1 1 0 0 0 1 1 0 0 0/0 16:52 2:18 0:00
Nick Shore 0 1 1 1 0 4 3 0 3 0 20/33 23:05 2:55 1:06
Nick Sorensen 0 1 1 1 0 1 0 1 0 0 0/0 10:18 0:00 0:00
Reid McNeill 0 0 0 -1 0 1 1 1 0 1 0/0 25:31 2:48 2:15
Riley Stillman 0 0 0 0 0 0 0 0 0 0 0/0 4:55 0:00 0:00
Rinat Valiev 0 1 1 2 0 1 0 0 0 1 0/0 18:53 2:25 0:50
Sven Andrighetto 0 1 1 0 0 2 7 1 0 0 0/3 18:02 2:18 1:06
Players Stats for Icehogs
Player Name G A P +/- PIM S H SB GA TA FO MP PP MP PK MP
------------------------------------------------------------------------------------
Andrew Mangiapane 0 1 1 1 0 1 5 0 0 0 1/2 18:55 1:39 1:50
Andrew Poturalski 0 0 0 0 0 0 0 0 0 0 2/2 3:15 0:00 0:00
Calle Andersson 0 0 0 0 0 0 0 0 0 0 0/0 5:57 0:09 0:29
Clark Bishop 0 0 0 0 0 1 0 0 0 0 5/8 13:36 0:47 0:26
Duncan Siemens 0 0 0 1 0 0 0 0 0 0 0/0 11:03 0:09 0:19
Hudson Fasching 1 0 1 1 0 8 5 1 0 0 1/1 17:04 1:39 0:00
J.T. Brown 2 0 2 -3 0 4 2 2 3 1 0/0 23:10 1:57 3:13
Jeremy Davies 0 0 0 1 0 0 1 0 0 0 0/0 13:01 0:00 3:23
JJ. Piccinich 0 0 0 0 0 0 0 0 0 0 0/0 0:38 0:38 0:00
Julius Honka 0 0 0 -1 0 0 2 0 0 0 0/0 17:58 1:40 1:21
Kurtis Gabriel 0 0 0 0 0 4 2 1 0 1 2/2 11:55 0:00 0:00
Mattias Janmark 0 1 1 1 0 1 2 0 1 0 6/12 14:18 1:21 0:06
Michael Chaput 0 1 1 -3 0 2 3 1 1 0 15/34 20:51 1:51 0:58
Mike Reilly 0 0 0 -2 4 1 1 2 3 1 0/0 24:31 2:25 1:21
Mikhail Grigorenko 0 0 0 0 0 5 1 1 1 0 0/0 11:55 0:00 0:00
Mitchell Chaffee 0 0 0 0 0 0 0 0 0 0 0/0 0:00 0:00 0:00
Myles Bell 0 0 0 0 0 0 0 0 0 0 0/0 4:37 0:00 0:00
Nick Mattson 0 0 0 -2 2 1 1 1 0 1 0/0 25:16 2:25 2:12
Nick Paul 0 0 0 0 0 0 0 0 0 0 0/0 1:25 0:59 0:00
Patrick Russell 0 0 0 0 0 0 1 0 0 0 0/0 4:37 0:00 0:00
Patrick Sieloff 0 1 1 -1 0 1 0 1 0 0 0/0 17:58 1:40 1:21
Ross Johnston 0 0 0 0 0 0 0 0 0 0 1/1 1:15 0:00 0:49
Stefan Matteau 0 1 1 -3 0 1 0 1 1 0 2/10 27:07 1:51 3:04
Zach Whitecloud 0 0 0 0 0 0 0 0 0 0 0/0 4:22 0:00 0:00
3 Stars
1 - Alex DeBrincat (Leh)
2 - Erik Nystrom (Leh)
3 - Cristoval Nieves (Leh)
Power Play
Phantoms - 1 on 3 Attempt(s) - 33.33%
Icehogs - 1 on 3 Attempt(s) - 33.33%
Penalty Kill
Phantoms - 2 on 3 Attempt(s) - 66.67%
- Score 0 goal in Penalty Kill
Icehogs - 2 on 3 Attempt(s) - 66.67%
- Score 0 goal in Penalty Kill
Team Stat
Phantoms - Hits : 24 - Faceoff Wins : 37 - Blocked Shots : 9 - Penalty Minutes : 6
Icehogs - Hits : 26 - Faceoff Wins : 35 - Blocked Shots : 11 - Penalty Minutes : 6
Official
Referees : Peter MacDougall and Corey Syvret
Linesman : Kiel Murchison and David Brisebois
Game Notes
Andrew Poturalski is injured at 10:40 of 1st period (Torn Right MCL)
Mackenzie Blackwood enters game at 15:06 of 2nd period
Finance
Level 1 -- Attendance: 1983 (99.15%) -- Ticket Income $69,405
Level 2 -- Attendance: 1000 (100.00%) -- Ticket Income $15,000
Total Attendance: 2983 (99.43%)
Total Ticket Income: $84,405
Other Income: $4,220
Total Income: $88,625
Phantoms
5 vs 5 Forward
Center Left Wing Right Wing Time % Phy DF OF
1 Nick Shore Michael Bournival Alex DeBrincat 40 1 2 2
2 Lucas Wallmarkk Morgan Klimchuk Sven Andrighetto 30 1 2 2
3 Cristoval Nieves Erik Nystrom Nick Sorensen 20 1 2 2
4 Joe Snively Brendan Leipsic JC Lipon 10 1 2 2
5 vs 5 Defense
Defense Defense Time % Phy DF OF
1 Reid McNeill Blake Heinrich 40 1 2 2
2 Rinat Valiev Brenden Kichton 30 1 2 2
3 Cal Foote Mikko Lehtonen 20 1 2 2
4 Matt Kiersted Riley Stillman 10 1 2 2
PowerPlay Forward
Center Left Wing Right Wing Time % Phy DF OF
1 Nick Shore Michael Bournival Alex DeBrincat 60 1 2 2
2 Lucas Wallmarkk Morgan Klimchuk Sven Andrighetto 40 1 2 2
PowerPlay Defense
Defense Defense Time % Phy DF OF
1 Reid McNeill Blake Heinrich 60 1 2 2
2 Rinat Valiev Brenden Kichton 40 1 2 2
Penalty Kill 4 Players Forward
Center Wing Time % Phy DF OF
1 Michael Bournival Alex DeBrincat 60 1 2 2
2 Sven Andrighetto Nick Shore 40 1 2 2
Penalty Kill 4 Players Defense
Defense Defense Time % Phy DF OF
1 Reid McNeill Blake Heinrich 60 1 2 2
2 Rinat Valiev Brenden Kichton 40 1 2 2
Penalty Kill - 3 Players Forward
Forward Time % Phy DF OF
1 Michael Bournival 60 1 2 2
2 Alex DeBrincat 40 1 2 2
Penalty Kill - 3 Players Defense
Defense Defense Time % Phy DF OF
1 Reid McNeill Blake Heinrich 60 1 2 2
2 Rinat Valiev Brenden Kichton 40 1 2 2
4 vs 4 Forward
Center Wing Time % Phy DF OF
1 Michael Bournival Alex DeBrincat 60 1 2 2
2 Sven Andrighetto Nick Shore 40 1 2 2
4 vs 4 Defense
Defense Defense Time % Phy DF OF
1 Reid McNeill Blake Heinrich 60 1 2 2
2 Rinat Valiev Brenden Kichton 40 1 2 2
Last Minutes Offensive
Center Left Wing Right Wing Defense Defense
Nick Shore Michael Bournival Alex DeBrincat Reid McNeill Blake Heinrich
Last Minutes Defensive
Center Left Wing Right Wing Defense Defense
Nick Shore Michael Bournival Alex DeBrincat Reid McNeill Blake Heinrich
Goaltenders
Starting : Anton Forsberg
Backup : Zachary Fucale
Extra Forwards
Normal : David Kampf, Laurent Dauphin, Anthony Angello - PP : David Kampf, Laurent Dauphin - PK : Anthony Angello
Extra Defensemen
Normal : Cal Foote, Mikko Lehtonen, Matt Kiersted - PP : Cal Foote - PK : Mikko Lehtonen, Matt Kiersted
Penalty Shots
Michael Bournival, Alex DeBrincat, Sven Andrighetto, Nick Shore, Lucas Wallmarkk
Scratches
Cooper Marody (Healthy), Devon Teows (Fractured Bone in Right Hand Injury), Victor Berglund (Healthy), Fabian Zetterlund (Healthy), Jason Kasdorf (Healthy)
Zachary Sawchenko (Healthy), Kevin Lankinen (Healthy)
Icehogs
5 vs 5 Forward
Center Left Wing Right Wing Time % Phy DF OF
1 Michael Chaput Stefan Matteau J.T. Brown 40 1 2 2
2 Andrew Poturalski Andrew Mangiapane Hudson Fasching 30 1 2 2
3 Clark Bishop Mikhail Grigorenko Kurtis Gabriel 20 1 2 2
4 Stefan Matteau Myles Bell Patrick Russell 10 1 2 2
5 vs 5 Defense
Defense Defense Time % Phy DF OF
1 Nick Mattson Mike Reilly 40 1 2 2
2 Patrick Sieloff Julius Honka 30 1 2 2
3 Duncan Siemens Jeremy Davies 20 1 2 2
4 Calle Andersson Zach Whitecloud 10 1 2 2
PowerPlay Forward
Center Left Wing Right Wing Time % Phy DF OF
1 Michael Chaput Stefan Matteau J.T. Brown 60 1 2 2
2 Andrew Poturalski Andrew Mangiapane Hudson Fasching 40 1 2 2
PowerPlay Defense
Defense Defense Time % Phy DF OF
1 Nick Mattson Mike Reilly 60 1 2 2
2 Patrick Sieloff Julius Honka 40 1 2 2
Penalty Kill 4 Players Forward
Center Wing Time % Phy DF OF
1 Stefan Matteau J.T. Brown 60 1 2 2
2 Andrew Mangiapane Michael Chaput 40 1 2 2
Penalty Kill 4 Players Defense
Defense Defense Time % Phy DF OF
1 Nick Mattson Mike Reilly 60 1 2 2
2 Patrick Sieloff Julius Honka 40 1 2 2
Penalty Kill - 3 Players Forward
Forward Time % Phy DF OF
1 Stefan Matteau 60 1 2 2
2 J.T. Brown 40 1 2 2
Penalty Kill - 3 Players Defense
Defense Defense Time % Phy DF OF
1 Nick Mattson Mike Reilly 60 1 2 2
2 Patrick Sieloff Julius Honka 40 1 2 2
4 vs 4 Forward
Center Wing Time % Phy DF OF
1 Stefan Matteau J.T. Brown 60 1 2 2
2 Andrew Mangiapane Michael Chaput 40 1 2 2
4 vs 4 Defense
Defense Defense Time % Phy DF OF
1 Nick Mattson Mike Reilly 60 1 2 2
2 Patrick Sieloff Julius Honka 40 1 2 2
Last Minutes Offensive
Center Left Wing Right Wing Defense Defense
Michael Chaput Stefan Matteau J.T. Brown Nick Mattson Mike Reilly
Last Minutes Defensive
Center Left Wing Right Wing Defense Defense
Michael Chaput Stefan Matteau J.T. Brown Nick Mattson Mike Reilly
Goaltenders
Starting : Mark Visentin
Backup : Mackenzie Blackwood
Extra Forwards
Normal : Mattias Janmark, Nick Paul, Ross Johnston - PP : Mattias Janmark, Nick Paul - PK : Ross Johnston
Extra Defensemen
Normal : Duncan Siemens, Jeremy Davies, Calle Andersson - PP : Duncan Siemens - PK : Jeremy Davies, Calle Andersson
Penalty Shots
Stefan Matteau, J.T. Brown, Andrew Mangiapane, Michael Chaput, Mikhail Grigorenko
Scratches
Kristian Reichel (Healthy), Nikita Scherbak (Torn Left MCL Injury), Dillon Dube (Healthy), Jackson Cates (Right Eye Injury), Michael Giugovaz (Healthy)
Jack LaFontaine (Healthy)
% Time on Ice - Phantoms
Lines # - Real PCT - Wanted PCT - Time Play
Normal Forward
1 - 38% - 40% - 19:11
2 - 29% - 30% - 14:38
3 - 20% - 20% - 10:18
4 - 13% - 10% - 6:26
Normal Defense
1 - 42% - 40% - 21:00
2 - 30% - 30% - 15:06
3 - 19% - 20% - 9:32
4 - 10% - 10% - 4:55
PP Forward
1 - 56% - 60% - 2:55
2 - 44% - 40% - 2:18
PP Defense
1 - 54% - 60% - 2:48
2 - 46% - 40% - 2:25
PK Forward
1 - 74% - 60% - 3:08
2 - 26% - 40% - 1:06
PK Defense
1 - 85% - 60% - 3:36
2 - 15% - 40% - 0:38
PK3 Forward
1 - 0% - 60%
2 - 0% - 40%
PK3 Defense
1 - 0% - 60%
2 - 0% - 40%
44 Forward
1 - 0% - 60%
2 - 0% - 40%
44 Defense
1 - 0% - 60%
2 - 0% - 40%
Last Minute Offensive - 0:00
Last Minute Defensive - 0:00
Total
Forward - 60:00
Defense - 60:00
|
% Time on Ice - Icehogs
Lines # - Real PCT - Wanted PCT - Time Play
Normal Forward
1 - 36% - 40% - 18:09
2 - 31% - 30% - 15:52
3 - 24% - 20% - 11:55
4 - 9% - 10% - 4:37
Normal Defense
1 - 43% - 40% - 21:36
2 - 30% - 30% - 14:57
3 - 19% - 20% - 9:38
4 - 9% - 10% - 4:22
PP Forward
1 - 44% - 60% - 1:51
2 - 56% - 40% - 2:23
PP Defense
1 - 61% - 60% - 2:34
2 - 39% - 40% - 1:40
PK Forward
1 - 81% - 60% - 4:15
2 - 19% - 40% - 0:58
PK Defense
1 - 74% - 60% - 3:52
2 - 26% - 40% - 1:21
PK3 Forward
1 - 0% - 60%
2 - 0% - 40%
PK3 Defense
1 - 0% - 60%
2 - 0% - 40%
44 Forward
1 - 0% - 60%
2 - 0% - 40%
44 Defense
1 - 0% - 60%
2 - 0% - 40%
Last Minute Offensive - 0:00
Last Minute Defensive - 0:00
Total
Forward - 60:00
Defense - 60:00
|
Play-by-Play
1st period
0:01 of 1st period - Nick Shore wins face-off versus Michael Chaput in neutral zone.
0:06 of 1st period - Snap shot by Alex DeBrincat.
0:06 of 1st period - Stopped by Mark Visentin with a rebound.
1:40 of 1st period - Icing by Andrew Mangiapane.
1:41 of 1st period - Andrew Poturalski wins face-off versus Lucas Wallmarkk in Icehogs zone.
1:41 of 1st period - Andrew Poturalski is hit by Sven Andrighetto.
1:55 of 1st period - Wrist shot by Andrew Mangiapane.
1:55 of 1st period - Stopped by Anton Forsberg without a rebound.
1:56 of 1st period - Michael Chaput wins face-off versus Nick Shore in Phantoms zone.
2:31 of 1st period - Backhand shot by Cristoval Nieves.
2:31 of 1st period - Shot Misses the Net.
2:33 of 1st period - Slapshot by Matt Kiersted.
2:33 of 1st period - Shot Blocked by Kurtis Gabriel.
3:18 of 1st period - Alex DeBrincat is hit by Michael Chaput and loses puck.
3:33 of 1st period - Wrist shot by Michael Bournival.
3:33 of 1st period - Stopped by Mark Visentin with a rebound.
4:07 of 1st period - Brendan Leipsic is hit by Jeremy Davies and loses puck.
4:26 of 1st period - Michael Chaput is hit by Michael Bournival.
4:46 of 1st period - Brenden Kichton is hit by Julius Honka and loses puck.
5:49 of 1st period - Wrist shot by Michael Bournival.
5:49 of 1st period - Shot Misses the Net.
5:52 of 1st period - Icing by Duncan Siemens.
5:53 of 1st period - Clark Bishop wins face-off versus Lucas Wallmarkk in Icehogs zone.
6:02 of 1st period - Slapshot by Mikhail Grigorenko.
6:02 of 1st period - Deflect By Kurtis Gabriel.
6:02 of 1st period - Stopped by Anton Forsberg with a rebound.
6:52 of 1st period - Slapshot by Cristoval Nieves.
6:52 of 1st period - Stopped by Mark Visentin with a rebound.
7:11 of 1st period - Morgan Klimchuk is hit by Mike Reilly and loses puck.
7:25 of 1st period - Slapshot by Mikhail Grigorenko.
7:25 of 1st period - Stopped by Anton Forsberg without a rebound.
7:26 of 1st period - Clark Bishop wins face-off versus Joe Snively in Phantoms zone.
7:27 of 1st period - Wrist shot by Mikhail Grigorenko.
7:27 of 1st period - Stopped by Anton Forsberg with a rebound.
7:29 of 1st period - Wrist shot by Kurtis Gabriel.
7:29 of 1st period - Shot Misses the Net.
7:31 of 1st period - Slapshot by Patrick Sieloff.
7:31 of 1st period - Stopped by Anton Forsberg without a rebound.
7:32 of 1st period - Michael Chaput wins face-off versus Nick Shore in Phantoms zone.
7:39 of 1st period - Wrist shot by Stefan Matteau.
7:39 of 1st period - Stopped by Anton Forsberg without a rebound.
7:40 of 1st period - Nick Shore wins face-off versus Stefan Matteau in Phantoms zone.
8:05 of 1st period - Julius Honka is hit by Sven Andrighetto and loses puck.
8:10 of 1st period - Snap shot by Morgan Klimchuk.
8:10 of 1st period - Shot Misses the Net.
8:12 of 1st period - Slapshot by Brenden Kichton.
8:12 of 1st period - Shot Blocked by Hudson Fasching.
8:14 of 1st period - Wrist shot by Brenden Kichton.
8:14 of 1st period - Shot Misses the Net.
8:16 of 1st period - Snap shot by Lucas Wallmarkk.
8:16 of 1st period - Deflect By Sven Andrighetto.
8:16 of 1st period - Shot Misses the Net.
8:16 of 1st period - Puck is out of play.
8:17 of 1st period - Michael Chaput wins face-off versus Alex DeBrincat in Icehogs zone.
8:32 of 1st period - Slapshot by Michael Chaput.
8:32 of 1st period - Stopped by Anton Forsberg with a rebound.
10:06 of 1st period - Wrist shot by Erik Nystrom.
10:06 of 1st period - Goal by Erik Nystrom - Phantoms : 1 - Icehogs : 0.
10:07 of 1st period - Michael Chaput wins face-off versus Nick Shore in neutral zone.
10:38 of 1st period - Snap shot by Morgan Klimchuk.
10:38 of 1st period - Deflect By Sven Andrighetto.
10:38 of 1st period - Stopped by Mark Visentin without a rebound.
10:39 of 1st period - Andrew Poturalski wins face-off versus Sven Andrighetto in Icehogs zone.
10:39 of 1st period - Andrew Poturalski is hit by Lucas Wallmarkk.
10:40 of 1st period - Andrew Poturalski from Icehogs is injured at 10:40 of 1st period (Torn Right MCL).
10:41 of 1st period - Michael Chaput wins face-off versus Nick Shore in Icehogs zone.
11:48 of 1st period - Off-side.
11:49 of 1st period - Clark Bishop wins face-off versus JC Lipon in neutral zone.
11:52 of 1st period - Wrist shot by Mikhail Grigorenko.
11:52 of 1st period - Stopped by Anton Forsberg without a rebound.
11:53 of 1st period - Clark Bishop wins face-off versus Joe Snively in Phantoms zone.
11:54 of 1st period - Wrist shot by Mikhail Grigorenko.
11:54 of 1st period - Shot Misses the Net.
12:23 of 1st period - Backhand shot by Joe Snively.
12:23 of 1st period - Shot Blocked by Mike Reilly.
12:25 of 1st period - Slapshot by Blake Heinrich.
12:25 of 1st period - Shot Misses the Net.
12:27 of 1st period - Slapshot by Reid McNeill.
12:27 of 1st period - Stopped by Mark Visentin with a rebound.
12:29 of 1st period - Snap shot by Joe Snively.
12:29 of 1st period - Stopped by Mark Visentin without a rebound.
12:30 of 1st period - Nick Shore wins face-off versus Michael Chaput in Icehogs zone.
12:35 of 1st period - Snap shot by Nick Shore.
12:35 of 1st period - Stopped by Mark Visentin with a rebound.
12:58 of 1st period - Lucas Wallmarkk is hit by Hudson Fasching and loses puck.
13:23 of 1st period - Slapshot by Nick Sorensen.
13:23 of 1st period - Stopped by Mark Visentin with a rebound.
13:25 of 1st period - Snap shot by Erik Nystrom.
13:25 of 1st period - Shot Blocked by Stefan Matteau.
13:41 of 1st period - Blake Heinrich is hit by Mattias Janmark and loses puck.
13:57 of 1st period - Icing by Kurtis Gabriel.
13:58 of 1st period - Alex DeBrincat wins face-off versus Michael Chaput in Icehogs zone.
13:59 of 1st period - Wrist shot by Michael Bournival.
13:59 of 1st period - Shot Misses the Net.
14:01 of 1st period - Snap shot by Michael Bournival.
14:01 of 1st period - Deflect By Nick Shore.
14:01 of 1st period - Shot Misses the Net.
14:01 of 1st period - Puck is out of play.
14:02 of 1st period - Nick Shore wins face-off versus Michael Chaput in Icehogs zone.
14:24 of 1st period - Icing by Stefan Matteau.
14:25 of 1st period - Mattias Janmark wins face-off versus Sven Andrighetto in Icehogs zone.
14:25 of 1st period - Mattias Janmark is hit by Sven Andrighetto.
15:34 of 1st period - Matt Kiersted is hit by Andrew Mangiapane and loses puck.
15:57 of 1st period - Snap shot by Cristoval Nieves.
15:57 of 1st period - Stopped by Mark Visentin with a rebound.
15:59 of 1st period - Snap shot by Nick Sorensen.
15:59 of 1st period - Deflect By Cristoval Nieves.
15:59 of 1st period - Shot Misses the Net.
15:59 of 1st period - Puck is out of play.
16:00 of 1st period - Cristoval Nieves wins face-off versus Michael Chaput in Icehogs zone.
16:27 of 1st period - Snap shot by Hudson Fasching.
16:27 of 1st period - Stopped by Anton Forsberg with a rebound.
16:57 of 1st period - Wrist shot by Lucas Wallmarkk.
16:57 of 1st period - Shot Misses the Net.
17:11 of 1st period - Backhand shot by J.T. Brown.
17:11 of 1st period - Deflect By Stefan Matteau.
17:11 of 1st period - Shot Misses the Net.
17:11 of 1st period - Puck is out of play.
17:12 of 1st period - Joe Snively wins face-off versus Michael Chaput in Phantoms zone.
17:21 of 1st period - Wrist shot by Joe Snively.
17:21 of 1st period - Deflect By Brendan Leipsic.
17:21 of 1st period - Shot Blocked by Nick Mattson.
17:21 of 1st period - Puck is out of play.
17:22 of 1st period - Michael Chaput wins face-off versus Nick Shore in Icehogs zone.
17:29 of 1st period - Slapshot by Michael Bournival.
17:29 of 1st period - Shot Blocked by Mike Reilly.
17:31 of 1st period - Snap shot by Alex DeBrincat.
17:31 of 1st period - Goal by Alex DeBrincat - Phantoms : 2 - Icehogs : 0.
17:32 of 1st period - Nick Shore wins face-off versus Michael Chaput in neutral zone.
17:39 of 1st period - Snap shot by Alex DeBrincat.
17:39 of 1st period - Stopped by Mark Visentin without a rebound.
17:40 of 1st period - Michael Chaput wins face-off versus Michael Bournival in Icehogs zone.
17:40 of 1st period - Michael Chaput is hit by Michael Bournival.
18:16 of 1st period - Wrist shot by Nick Shore.
18:16 of 1st period - Stopped by Mark Visentin without a rebound.
18:17 of 1st period - Mattias Janmark wins face-off versus Lucas Wallmarkk in Icehogs zone.
18:28 of 1st period - Slapshot by Hudson Fasching.
18:28 of 1st period - Stopped by Anton Forsberg without a rebound.
18:29 of 1st period - Mattias Janmark wins face-off versus Lucas Wallmarkk in Phantoms zone.
18:34 of 1st period - Snap shot by Mattias Janmark.
18:34 of 1st period - Shot Blocked by Blake Heinrich.
18:44 of 1st period - Snap shot by Lucas Wallmarkk.
18:44 of 1st period - Stopped by Mark Visentin with a rebound.
19:19 of 1st period - Cristoval Nieves is hit by Kurtis Gabriel and loses puck.
19:24 of 1st period - Slapshot by Mikhail Grigorenko.
19:24 of 1st period - Stopped by Anton Forsberg without a rebound.
19:25 of 1st period - Michael Chaput wins face-off versus Lucas Wallmarkk in Phantoms zone.
19:50 of 1st period - Andrew Mangiapane is hit by Alex DeBrincat.
Goals for this period are 2 for Phantoms vs 0 for Icehogs.
Shots for this period are 14 for Phantoms vs 11 for Icehogs.
2nd period
0:01 of 2nd period - Michael Chaput wins face-off versus Lucas Wallmarkk in neutral zone.
0:20 of 2nd period - Stefan Matteau is hit by Sven Andrighetto and loses puck.
0:51 of 2nd period - Snap shot by Mikhail Grigorenko.
0:51 of 2nd period - Shot Blocked by Nick Sorensen.
1:29 of 2nd period - Wrist shot by Joe Snively.
1:29 of 2nd period - Stopped by Mark Visentin with a rebound.
1:32 of 2nd period - Icing by Nick Mattson.
1:33 of 2nd period - Mattias Janmark wins face-off versus Lucas Wallmarkk in Icehogs zone.
2:03 of 2nd period - Snap shot by J.T. Brown.
2:03 of 2nd period - Stopped by Anton Forsberg with a rebound.
2:15 of 2nd period - Clark Bishop is hit by Mikko Lehtonen and loses puck.
2:24 of 2nd period - Wrist shot by Erik Nystrom.
2:24 of 2nd period - Shot Blocked by Mikhail Grigorenko.
2:34 of 2nd period - Morgan Klimchuk is hit by Andrew Mangiapane.
3:38 of 2nd period - Slapshot by Hudson Fasching.
3:38 of 2nd period - Goal by Hudson Fasching - Phantoms : 2 - Icehogs : 1.
3:39 of 2nd period - Nick Shore wins face-off versus Mattias Janmark in neutral zone.
4:04 of 2nd period - Sven Andrighetto is hit by Nick Mattson and loses puck.
4:29 of 2nd period - Snap shot by Erik Nystrom.
4:29 of 2nd period - Shot Misses the Net.
4:43 of 2nd period - Wrist shot by Michael Bournival.
4:43 of 2nd period - Stopped by Mark Visentin without a rebound.
4:44 of 2nd period - Mattias Janmark wins face-off versus Nick Shore in Icehogs zone.
5:09 of 2nd period - Blake Heinrich is hit by Patrick Russell and loses puck.
5:28 of 2nd period - Snap shot by Michael Bournival.
5:28 of 2nd period - Shot Misses the Net.
5:41 of 2nd period - Michael Bournival is hit by Julius Honka and loses puck.
5:45 of 2nd period - Icing by Mikko Lehtonen.
5:46 of 2nd period - Nick Shore wins face-off versus Michael Chaput in Phantoms zone.
6:25 of 2nd period - Alex DeBrincat is hit by Hudson Fasching and loses puck.
6:42 of 2nd period - Wrist shot by Morgan Klimchuk.
6:42 of 2nd period - Deflect By Sven Andrighetto.
6:42 of 2nd period - Shot Hit the Post.
6:42 of 2nd period - Puck is out of play.
6:43 of 2nd period - Stefan Matteau wins face-off versus Lucas Wallmarkk in Icehogs zone.
6:43 of 2nd period - Stefan Matteau is hit by Sven Andrighetto.
6:49 of 2nd period - Snap shot by Stefan Matteau.
6:49 of 2nd period - Shot Misses the Net.
6:51 of 2nd period - Slapshot by Michael Chaput.
6:51 of 2nd period - Shot Blocked by Sven Andrighetto.
7:02 of 2nd period - Minor Penalty to Blake Heinrich for Interference.
7:03 of 2nd period - Anthony Angello wins face-off versus Michael Chaput in Phantoms zone.
7:17 of 2nd period - Snap shot by J.T. Brown.
7:17 of 2nd period - Goal by J.T. Brown - Phantoms : 2 - Icehogs : 2.
7:18 of 2nd period - Michael Chaput wins face-off versus Lucas Wallmarkk in neutral zone.
7:43 of 2nd period - Blake Heinrich is hit by Hudson Fasching and loses puck.
8:06 of 2nd period - Snap shot by Erik Nystrom.
8:06 of 2nd period - Stopped by Mark Visentin without a rebound.
8:07 of 2nd period - Kurtis Gabriel wins face-off versus Nick Shore in Icehogs zone.
8:58 of 2nd period - Wrist shot by Andrew Mangiapane.
8:58 of 2nd period - Shot Blocked by Matt Kiersted.
9:00 of 2nd period - Wrist shot by Nick Mattson.
9:00 of 2nd period - Shot Misses the Net.
9:02 of 2nd period - Snap shot by Mattias Janmark.
9:02 of 2nd period - Shot Blocked by Matt Kiersted.
9:04 of 2nd period - Wrist shot by Andrew Mangiapane.
9:04 of 2nd period - Shot Blocked by Cristoval Nieves.
9:39 of 2nd period - Snap shot by Riley Stillman.
9:39 of 2nd period - Shot Misses the Net.
9:41 of 2nd period - Snap shot by Alex DeBrincat.
9:41 of 2nd period - Shot Misses the Net.
10:09 of 2nd period - Stefan Matteau is hit by Reid McNeill and loses puck.
10:16 of 2nd period - Backhand shot by Erik Nystrom.
10:16 of 2nd period - Goal by Erik Nystrom - Phantoms : 3 - Icehogs : 2.
10:17 of 2nd period - Michael Chaput wins face-off versus Lucas Wallmarkk in neutral zone.
10:20 of 2nd period - Slapshot by Mike Reilly.
10:20 of 2nd period - Stopped by Anton Forsberg with a rebound.
10:24 of 2nd period - Snap shot by J.T. Brown.
10:24 of 2nd period - Stopped by Anton Forsberg without a rebound.
10:25 of 2nd period - Lucas Wallmarkk wins face-off versus Michael Chaput in Phantoms zone.
10:52 of 2nd period - Wrist shot by Alex DeBrincat.
10:52 of 2nd period - Stopped by Mark Visentin with a rebound.
11:18 of 2nd period - Off-side.
11:19 of 2nd period - Nick Shore wins face-off versus Michael Chaput in neutral zone.
11:33 of 2nd period - Snap shot by Nick Shore.
11:33 of 2nd period - Stopped by Mark Visentin with a rebound.
11:53 of 2nd period - Snap shot by Lucas Wallmarkk.
11:53 of 2nd period - Deflect By Sven Andrighetto.
11:53 of 2nd period - Stopped by Mark Visentin with a rebound.
11:55 of 2nd period - Slapshot by Blake Heinrich.
11:55 of 2nd period - Shot Misses the Net.
12:27 of 2nd period - Patrick Russell is hit by JC Lipon and loses puck.
13:07 of 2nd period - Slapshot by Sven Andrighetto.
13:07 of 2nd period - Shot Blocked by Michael Chaput.
13:09 of 2nd period - Snap shot by Lucas Wallmarkk.
13:09 of 2nd period - Goal by Lucas Wallmarkk - Phantoms : 4 - Icehogs : 2.
13:10 of 2nd period - Nick Shore wins face-off versus Michael Chaput in neutral zone.
13:40 of 2nd period - Nick Mattson is hit by Sven Andrighetto and loses puck.
13:51 of 2nd period - Minor Penalty to Mike Reilly for Cross-checking.
13:52 of 2nd period - Nick Shore wins face-off versus Stefan Matteau in Icehogs zone.
13:53 of 2nd period - Wrist shot by Michael Bournival.
13:53 of 2nd period - Shot Blocked by J.T. Brown.
14:01 of 2nd period - Slapshot by Nick Shore.
14:01 of 2nd period - Deflect By Michael Bournival.
14:01 of 2nd period - Shot Misses the Net.
14:01 of 2nd period - Puck is out of play.
14:02 of 2nd period - Stefan Matteau wins face-off versus Nick Shore in Icehogs zone.
14:26 of 2nd period - Snap shot by Michael Bournival.
14:26 of 2nd period - Shot Blocked by J.T. Brown.
14:28 of 2nd period - Snap shot by Michael Bournival.
14:28 of 2nd period - Stopped by Mark Visentin without a rebound.
14:29 of 2nd period - Lucas Wallmarkk wins face-off versus Stefan Matteau in Icehogs zone.
14:57 of 2nd period - Off-side.
14:58 of 2nd period - Nick Shore wins face-off versus Andrew Mangiapane in neutral zone.
15:06 of 2nd period - Snap shot by Nick Shore.
15:06 of 2nd period - Deflect By Alex DeBrincat.
15:06 of 2nd period - Goal by Alex DeBrincat - Phantoms : 5 - Icehogs : 2.
15:06 of 2nd period - Mackenzie Blackwood enters game.
15:07 of 2nd period - Nick Shore wins face-off versus Michael Chaput in neutral zone.
15:21 of 2nd period - Minor Penalty to Nick Mattson for Slashing.
15:22 of 2nd period - Nick Shore wins face-off versus Stefan Matteau in Icehogs zone.
16:25 of 2nd period - Wrist shot by Blake Heinrich.
16:25 of 2nd period - Stopped by Mackenzie Blackwood without a rebound.
16:26 of 2nd period - Ross Johnston wins face-off versus Nick Shore in Icehogs zone.
17:21 of 2nd period - Penalty to Nick Mattson is over, Nick Mattson is back on ice.
17:27 of 2nd period - Off-side.
17:28 of 2nd period - Cristoval Nieves wins face-off versus Clark Bishop in neutral zone.
17:31 of 2nd period - Slapshot by Mikko Lehtonen.
17:31 of 2nd period - Stopped by Mackenzie Blackwood without a rebound.
17:32 of 2nd period - Cristoval Nieves wins face-off versus Clark Bishop in Icehogs zone.
17:49 of 2nd period - Snap shot by Kurtis Gabriel.
17:49 of 2nd period - Shot Misses the Net.
17:51 of 2nd period - Wrist shot by Clark Bishop.
17:51 of 2nd period - Stopped by Anton Forsberg without a rebound.
17:52 of 2nd period - Michael Chaput wins face-off versus Nick Shore in Phantoms zone.
17:53 of 2nd period - Slapshot by Stefan Matteau.
17:53 of 2nd period - Shot Blocked by Reid McNeill.
18:17 of 2nd period - Reid McNeill is hit by Mikhail Grigorenko and loses puck.
18:22 of 2nd period - Slapshot by Kurtis Gabriel.
18:22 of 2nd period - Stopped by Anton Forsberg with a rebound.
18:24 of 2nd period - Wrist shot by Mikhail Grigorenko.
18:24 of 2nd period - Shot Blocked by Morgan Klimchuk.
18:44 of 2nd period - Snap shot by Hudson Fasching.
18:44 of 2nd period - Stopped by Anton Forsberg without a rebound.
18:45 of 2nd period - Cristoval Nieves wins face-off versus Michael Chaput in Phantoms zone.
18:52 of 2nd period - Erik Nystrom is hit by Michael Chaput.
19:20 of 2nd period - Slapshot by Mikko Lehtonen.
19:20 of 2nd period - Stopped by Mackenzie Blackwood without a rebound.
19:21 of 2nd period - Nick Shore wins face-off versus Mattias Janmark in Icehogs zone.
19:33 of 2nd period - Mike Reilly is hit by Alex DeBrincat and loses puck.
19:46 of 2nd period - Alex DeBrincat is hit by Kurtis Gabriel and loses puck.
Goals for this period are 3 for Phantoms vs 2 for Icehogs.
Shots for this period are 13 for Phantoms vs 8 for Icehogs.
3rd period
0:01 of 3rd period - Lucas Wallmarkk wins face-off versus Stefan Matteau in neutral zone.
0:31 of 3rd period - Off-side.
0:32 of 3rd period - Nick Shore wins face-off versus Mattias Janmark in neutral zone.
0:43 of 3rd period - Wrist shot by Michael Bournival.
0:43 of 3rd period - Deflect By Nick Shore.
0:43 of 3rd period - Shot Blocked by Patrick Sieloff.
0:43 of 3rd period - Puck is out of play.
0:44 of 3rd period - Michael Chaput wins face-off versus Nick Shore in Icehogs zone.
1:17 of 3rd period - Off-side.
1:18 of 3rd period - Michael Bournival wins face-off versus Michael Chaput in neutral zone.
1:28 of 3rd period - Snap shot by Michael Bournival.
1:28 of 3rd period - Deflect By Stefan Matteau.
1:28 of 3rd period - Shot Misses the Net.
1:28 of 3rd period - Puck is out of play.
1:29 of 3rd period - Lucas Wallmarkk wins face-off versus Michael Chaput in Icehogs zone.
1:39 of 3rd period - J.T. Brown is hit by Sven Andrighetto and loses puck.
2:03 of 3rd period - Wrist shot by J.T. Brown.
2:03 of 3rd period - Shot Misses the Net.
2:09 of 3rd period - Julius Honka is hit by Cristoval Nieves and loses puck.
2:20 of 3rd period - Nick Shore is hit by Hudson Fasching and loses puck.
2:29 of 3rd period - Snap shot by Hudson Fasching.
2:29 of 3rd period - Stopped by Anton Forsberg without a rebound.
2:30 of 3rd period - Lucas Wallmarkk wins face-off versus Clark Bishop in Phantoms zone.
2:35 of 3rd period - Mike Reilly is hit by Morgan Klimchuk and loses puck.
2:42 of 3rd period - Wrist shot by Morgan Klimchuk.
2:42 of 3rd period - Deflect By Sven Andrighetto.
2:42 of 3rd period - Shot Misses the Net.
2:42 of 3rd period - Puck is out of play.
2:43 of 3rd period - Mattias Janmark wins face-off versus Nick Shore in Icehogs zone.
2:48 of 3rd period - Slapshot by Mattias Janmark.
2:48 of 3rd period - Shot Misses the Net.
2:50 of 3rd period - Snap shot by Hudson Fasching.
2:50 of 3rd period - Stopped by Anton Forsberg without a rebound.
2:51 of 3rd period - Hudson Fasching wins face-off versus Nick Shore in Phantoms zone.
2:52 of 3rd period - Slapshot by Mike Reilly.
2:52 of 3rd period - Shot Blocked by Michael Bournival.
2:54 of 3rd period - Snap shot by Andrew Mangiapane.
2:54 of 3rd period - Shot Misses the Net.
3:55 of 3rd period - Slapshot by Alex DeBrincat.
3:55 of 3rd period - Stopped by Mackenzie Blackwood without a rebound.
3:56 of 3rd period - Lucas Wallmarkk wins face-off versus Stefan Matteau in Icehogs zone.
4:09 of 3rd period - Morgan Klimchuk is hit by Michael Chaput and loses puck.
4:22 of 3rd period - Erik Nystrom is hit by Andrew Mangiapane and loses puck.
5:03 of 3rd period - Slapshot by Mikhail Grigorenko.
5:03 of 3rd period - Stopped by Anton Forsberg without a rebound.
5:04 of 3rd period - Kurtis Gabriel wins face-off versus Lucas Wallmarkk in Phantoms zone.
5:13 of 3rd period - Wrist shot by Kurtis Gabriel.
5:13 of 3rd period - Stopped by Anton Forsberg without a rebound.
5:14 of 3rd period - Lucas Wallmarkk wins face-off versus Michael Chaput in Phantoms zone.
5:53 of 3rd period - Snap shot by Patrick Sieloff.
5:53 of 3rd period - Shot Misses the Net.
5:55 of 3rd period - Snap shot by Hudson Fasching.
5:55 of 3rd period - Stopped by Anton Forsberg with a rebound.
6:18 of 3rd period - Mikhail Grigorenko is hit by Cristoval Nieves and loses puck.
6:39 of 3rd period - Wrist shot by Stefan Matteau.
6:39 of 3rd period - Shot Misses the Net.
6:53 of 3rd period - Slapshot by Nick Mattson.
6:53 of 3rd period - Stopped by Anton Forsberg without a rebound.
6:54 of 3rd period - Nick Shore wins face-off versus Mattias Janmark in Phantoms zone.
7:07 of 3rd period - Wrist shot by Hudson Fasching.
7:07 of 3rd period - Stopped by Anton Forsberg with a rebound.
7:09 of 3rd period - Snap shot by Mattias Janmark.
7:09 of 3rd period - Shot Misses the Net.
7:52 of 3rd period - Slapshot by Kurtis Gabriel.
7:52 of 3rd period - Stopped by Anton Forsberg without a rebound.
7:53 of 3rd period - Nick Shore wins face-off versus Mattias Janmark in Phantoms zone.
7:53 of 3rd period - Nick Shore is hit by Hudson Fasching.
7:59 of 3rd period - Hudson Fasching is hit by Nick Shore and loses puck.
8:08 of 3rd period - Wrist shot by Nick Shore.
8:08 of 3rd period - Shot Misses the Net.
8:18 of 3rd period - Morgan Klimchuk is hit by J.T. Brown and loses puck.
8:23 of 3rd period - Wrist shot by J.T. Brown.
8:23 of 3rd period - Shot Misses the Net.
8:25 of 3rd period - Snap shot by J.T. Brown.
8:25 of 3rd period - Goal by J.T. Brown - Phantoms : 5 - Icehogs : 3.
8:26 of 3rd period - Nick Shore wins face-off versus Michael Chaput in neutral zone.
8:33 of 3rd period - Slapshot by Rinat Valiev.
8:33 of 3rd period - Stopped by Mackenzie Blackwood with a rebound.
8:51 of 3rd period - Brenden Kichton is hit by Mattias Janmark and loses puck.
9:29 of 3rd period - Icing by Nick Mattson.
9:30 of 3rd period - Clark Bishop wins face-off versus Joe Snively in Icehogs zone.
10:20 of 3rd period - Slapshot by Reid McNeill.
10:20 of 3rd period - Shot Misses the Net.
10:50 of 3rd period - Snap shot by Michael Chaput.
10:50 of 3rd period - Stopped by Anton Forsberg without a rebound.
10:51 of 3rd period - Michael Chaput wins face-off versus Lucas Wallmarkk in Phantoms zone.
11:02 of 3rd period - Slapshot by Michael Chaput.
11:02 of 3rd period - Shot Misses the Net.
11:18 of 3rd period - Brenden Kichton is hit by Andrew Mangiapane.
11:26 of 3rd period - Wrist shot by Hudson Fasching.
11:26 of 3rd period - Deflect By Mattias Janmark.
11:26 of 3rd period - Stopped by Anton Forsberg without a rebound.
11:27 of 3rd period - Nick Shore wins face-off versus Michael Chaput in Phantoms zone.
11:27 of 3rd period - Nick Shore is hit by J.T. Brown.
12:00 of 3rd period - Double Minor Penalty to Blake Heinrich for High sticking.
12:01 of 3rd period - Michael Chaput wins face-off versus Michael Bournival in Phantoms zone.
12:31 of 3rd period - Icing by Nick Mattson.
12:32 of 3rd period - Michael Bournival wins face-off versus Mattias Janmark in Icehogs zone.
13:01 of 3rd period - Mike Reilly is hit by Mikko Lehtonen and loses puck.
13:37 of 3rd period - Julius Honka is hit by Nick Shore and loses puck.
14:33 of 3rd period - Mike Reilly is hit by Nick Shore and loses puck.
15:34 of 3rd period - Mattias Janmark is hit by Cal Foote and loses puck.
15:55 of 3rd period - Icing by Duncan Siemens.
15:56 of 3rd period - Andrew Mangiapane wins face-off versus Sven Andrighetto in Icehogs zone.
16:00 of 3rd period - Penalty to Blake Heinrich is over, Blake Heinrich is back on ice.
16:58 of 3rd period - Julius Honka is hit by Cristoval Nieves and loses puck.
17:03 of 3rd period - Wrist shot by Cristoval Nieves.
17:03 of 3rd period - Stopped by Mackenzie Blackwood with a rebound.
17:05 of 3rd period - Slapshot by Blake Heinrich.
17:05 of 3rd period - Stopped by Mackenzie Blackwood without a rebound.
17:06 of 3rd period - Cristoval Nieves wins face-off versus Stefan Matteau in Icehogs zone.
17:44 of 3rd period - Minor Penalty to Mike Reilly for Interference.
17:45 of 3rd period - Nick Shore wins face-off versus Stefan Matteau in Icehogs zone.
17:49 of 3rd period - Snap shot by Nick Shore.
17:49 of 3rd period - Stopped by Mackenzie Blackwood with a rebound.
17:51 of 3rd period - Snap shot by Blake Heinrich.
17:51 of 3rd period - Shot Misses the Net.
17:53 of 3rd period - Snap shot by Nick Shore.
17:53 of 3rd period - Shot Misses the Net.
17:55 of 3rd period - Snap shot by Nick Shore.
17:55 of 3rd period - Shot Misses the Net.
19:05 of 3rd period - Lucas Wallmarkk is hit by Andrew Mangiapane and loses puck.
19:44 of 3rd period - Penalty to Mike Reilly is over, Mike Reilly is back on ice.
Goals for this period are 0 for Phantoms vs 1 for Icehogs.
Shots for this period are 5 for Phantoms vs 11 for Icehogs.